 Dungeon Crawl Stone Soup version bcrawl-1.28.1b (webtiles) character file.

Game seed: 3162417740654069031

189870 KristoblXynda the Slasher (level 7, -4/84 HPs)
             Began as a Black Draconian Skald on Dec 13, 2020.
             Slain by a troll (7 damage)
             ... on level 4 of the Dungeon.
             The game lasted 00:07:35 (3907 turns).

KristoblXynda the Slasher (Black Draconian Skald)   Turns: 3907, Time: 00:07:36

Health: -4/84      AC: 23    Str: 18    XL:     7   Next: 5%
Magic:  10/10      EV:  1    Int: 15    God:
Gold:   185        SH:  1    Dex: 11    Spells: 4/10 levels left

rFire    . . .     SeeInvis .   a - +0 long sword
rCold    . . .     Gourm    .   (no shield)
rNeg     + + +     Faith    .   (armour unavailable)
rPois    +         Spirit   .   (helmet currently unavailable)
rElec    .         Reflect  .   (cloak currently unavailable)
rCorr    .         Harm     .   (gloves currently unavailable)
MR       .....     NoTele   +   (boots currently unavailable)
Stlth    +.........             (no amulet)
HPRegen  0.24/turn              l - +5 ring of evasion
MPRegen  0.12/turn              (no ring)

@: mighty, tree-form
A: giant, (breathe lightning), unfitting armour, AC +6
a: no special abilities


You were on level 4 of the Dungeon.
You were hungry.
You were a tree.
You visited 1 branch of the dungeon, and saw 4 of its levels.

You collected 185 gold pieces.

Inventory:

Hand Weapons
 a - a +0 long sword (weapon)
Armour
 m - a +1 pair of gloves (melded)
 s - a +0 pair of boots (melded)
Jewellery
 l - a +5 ring of evasion (left branch)
Scrolls
 b - a scroll of magic mapping {unknown}
 d - a scroll of enchant armour
 f - a scroll of amnesia {unknown}
 k - a scroll of fog
 r - a scroll of remove curse {unknown}
Potions
 g - 2 potions of haste
 i - a potion of might
 n - a potion of curing
 o - a potion of brilliance {unknown}
 p - a potion of agility {unknown}
Comestibles
 e - 5 rations {!d}


   Skills:
 - Level 2.6 Fighting
 * Level 5.1 Long Blades
 * Level 4.8 Dodging
 - Level 2.0 Spellcasting
 + Level 4.0 Charms


You had 4 spell levels left.
You knew the following spells:

 Your Spells              Type           Power        Failure   Level  Hunger
a - Infusion              Chrm           ##......     4%          1    None
b - Song of Slaying       Chrm           ##......     6%          2    ##.....
c - Regeneration          Chrm/Necr      #.........   28%         3    ####...

Your spell library contained the following spells:

 Spells                   Type           Power        Failure   Level  Hunger
 Ozocubu's Armour         Chrm/Ice       #.......     28%         3    ####...
 Spectral Weapon          Hex/Chrm       #.......     28%         3    ####...


Dungeon Overview and Level Annotations

Branches:
Dungeon (4/12)
 Temple: D:4-7

Altars:
Elyvilon
Kikubaaqudgha
Nemelex Xobeh
Qazlal
Sif Muna

Shops:
D:4 [


Innate Abilities, Weirdness & Mutations

((You can breathe wild blasts of lightning.))
((Your glossy black scales are hard. (AC +6)))
You cannot fit into any form of body armour.
((You are resistant to electric shocks. (rElec)))
((You are cold-blooded and may be slowed by cold attacks.))


Message History

The troll is lightly wounded.
The troll bites you.
The troll claws you but does no damage. x2
You barely miss the troll. The troll bites you!
The troll claws you but does no damage. x2
You barely miss the troll. The troll bites you but does no damage.
The troll claws you. x2
* * * LOW HITPOINT WARNING * * *
You feel very mighty all of a sudden. The troll bites you but does no damage.
The troll claws you but does no damage. x2
You barely miss the troll. The troll bites you but does no damage.
The troll claws you but does no damage. The troll barely misses you.
You barely miss the troll. The troll bites you!
* * * LOW HITPOINT WARNING * * *
The troll claws you but does no damage. x2
You barely miss the troll. The troll bites you!
* * * LOW HITPOINT WARNING * * *
The troll claws you but does no damage. The troll claws you.
* * * LOW HITPOINT WARNING * * *
The troll bites you!
You die...

###########
#.........##############.
#.#######...♣T...........
#.# ####.#....####### #.#
#.....)..# #.# #.##.###.#
#.# #)##.###.######## #.#
#.##..##.)).÷...# #.#
#.###.##.######.# #.#
#.###)##.# #.# #.#
#.#......# #.#


You could see a troll.

Vanquished Creatures
  A sky beast (D:4)
  An ogre (D:4)
  A scorpion (D:4)
  A crimson imp (D:4)
  2 orc wizards (D:3)
  A bullfrog skeleton (D:4)
  A hound skeleton (D:4)
  7 adders
  2 oozes
  An adder skeleton (D:4)
  A worm (D:3)
  A dart slug (D:1)
  2 leopard geckos
  20 orcs
  2 bat zombies (D:3)
  4 goblins
  8 hobgoblins
  9 jackals (D:3)
  2 quokkas
  2 ball pythons
  3 bats
  4 frilled lizards
  6 kobolds
  9 rats
91 creatures vanquished.

Notes
Turn   | Place    | Note
-------+----------+-------------------------------------------
     0 | D:1      | KristoblXynda the Draconian Skald began the quest for the
                  | Orb.
     0 | D:1      | Reached XP level 1. HP: 17/17 MP: 3/3
   214 | D:1      | Reached XP level 2. HP: 4/24 MP: 5/5
   853 | D:2      | Found a white marble altar of Elyvilon.
   874 | D:2      | Reached XP level 3. HP: 10/29 MP: 6/6
  1040 | D:2      | Found a sparkling altar of Nemelex Xobeh.
  1193 | D:2      | Reached skill level 3 in Long Blades
  1283 | D:2      | Noticed a phantom
  1525 | D:3      | Reached XP level 4. HP: 10/36 MP: 7/7
  1982 | D:3      | Found a shimmering blue altar of Sif Muna.
  2114 | D:3      | Reached XP level 5. HP: 23/41 MP: 8/8
  2393 | D:3      | Found an ancient bone altar of Kikubaaqudgha.
  2444 | D:3      | Reached skill level 4 in Long Blades
  2519 | D:3      | Learned a level 2 spell: Song of Slaying
  2523 | D:3      | Learned a level 3 spell: Regeneration
  3095 | D:4      | Found a stormy altar of Qazlal.
  3103 | D:4      | Reached XP level 6. HP: 45/48 MP: 9/9
  3228 | D:4      | Found Cinuach's Antique Armour Shoppe.
  3465 | D:4      | Noticed a sky beast
  3487 | D:4      | Killed a sky beast
  3664 | D:4      | Reached skill level 5 in Long Blades
  3664 | D:4      | Your scales start taking on a glossy black colour.
  3664 | D:4      | Reached XP level 7. HP: 55/56 MP: 10/10
  3664 | D:4      | Gained mutation: You are resistant to electric shocks.
                  | (rElec) [Black Draconian growth]
  3720 | D:4      | Noticed a troll
  3907 | D:4      | HP: 3/84 [troll (2)]
  3907 | D:4      | Slain by a troll

Skill      XL: |  1  2  3  4  5  6 |
---------------+-------------------+-----
Charms         | 3 4 |  4.0
Long Blades    | 3 4 5 |  5.1
Dodging        | 3 4 |  4.8
Fighting       | |  2.6
Spellcasting   | |  2.0

Action                   |  1- 3 |  4- 6 |  7- 9 || total
-------------------------+-------+-------+-------++-------
Melee: Long sword        |   127 |   243 |    31 ||   401
       Tailslap          |     8 |    32 |     6 ||    46
 Abil: Breathe Lightning |       |       |     1 ||     1
  Use: Potion            |     1 |       |     3 ||     4
       Scroll            |     2 |     5 |     1 ||     8
  Eat: Chunk             |     5 |    14 |     1 ||    20
Armor: Skin              |    38 |    50 |    31 ||   119
Dodge: Dodged            |    90 |   161 |    30 ||   281
Block: Other             |       |     1 |     2 ||     3
